 Dungeon Crawl Stone Soup version 0.22.1-1-ga44c0e56f4 (webtiles) character file.

24501 Knicklaso the Severer (level 12, -2/110 HPs)
             Began as a Minotaur Berserker on Oct 6, 2018.
             Was a High Priest of Trog.
             Slain by a nine-headed hydra (3 damage)
             ... on level 4 of the Lair of Beasts.
             The game lasted 00:27:55 (11464 turns).

Knicklaso the Severer (Minotaur Berserker)         Turns: 11464, Time: 00:27:56

Health: -2/110     AC: 17    Str: 27    XL:     12   Next: 81%
Magic:  3/3        EV: 14    Int:  4    God:    Trog [*****.]
Gold:   726        SH: 11    Dex: 10    Spells: 11/11 levels left

rFire    . . .     SeeInvis .   s - +1 broad axe (antimagic)
rCold    . . .     Gourm    .   p - +0 buckler
rNeg     + . .     Faith    .   r - +4 scale mail {rN+}
rPois    .         Spirit   .   (helmet restricted)
rElec    .         Reflect  +   K - +0 cloak
rCorr    +         Harm     .   k - +0 pair of gloves
MR       .....                  P - +0 pair of boots (curse)
Stlth    +.........             b - +5 amulet of reflection
HPRegen  0.28/turn              e - ring of resist corrosion
MPRegen  0.08/turn              f - ring of stealth

@: no status effects
A: retaliatory headbutt, horns 2
a: Berserk, Trog's Hand, Brothers in Arms, Renounce Religion


You were on level 4 of the Lair of Beasts.
You worshipped Trog.
Trog was extremely pleased with you.
You were near starving.

You visited 2 branches of the dungeon, and saw 15 of its levels.

You collected 726 gold pieces.

Inventory:

Hand Weapons
 m - a +1 whip of electrocution
 s - a +1 antimagic broad axe (weapon)
 A - a +5 battleaxe
 J - a +1 battleaxe
Missiles
 u - 3 tomahawks (quivered)
Armour
 k - a +0 pair of gloves (worn)
 p - a +0 buckler (worn)
 r - a +4 scale mail of positive energy (worn)
 K - a +0 cloak (worn)
 L - a +0 large shield
 M - the cursed +0 scale mail "Ocsuafur" {rF+ rC+ Dex+4}
   (You found it on level 1 of the Lair of Beasts)

   It affects your dexterity (+4).
   It protects you from fire.
   It protects you from cold.
   It has a curse placed upon it.
 P - a cursed +0 pair of boots (worn)
Jewellery
 b - a +5 amulet of reflection (around neck)
 e - a ring of resist corrosion (left hand)
 f - a ring of stealth (right hand)
 S - an uncursed ring of fire {unknown}
 V - a +3 ring of strength {unknown}
 W - a +2 ring of protection {unknown}
Wands
 g - a wand of polymorph (21)
 q - a wand of flame (13)
 G - a wand of iceblast (23)
 N - a wand of random effects (19)
Scrolls
 a - a scroll of summoning {unknown}
 d - 3 scrolls of fear
 n - 5 scrolls of identify
 o - 2 scrolls of fog
 x - a scroll of magic mapping
 y - a scroll of torment {unknown}
 z - 6 scrolls of remove curse
 B - 3 scrolls of enchant armour {unknown}
 D - 5 scrolls of enchant weapon {unknown}
 F - 4 scrolls of noise {unknown}
 H - 2 scrolls of random uselessness {unknown}
 I - 4 scrolls of teleportation {unknown}
Potions
 h - 4 potions of mutation
 i - 2 potions of ambrosia {unknown}
 j - 4 potions of magic {unknown}
 l - 2 potions of agility {unknown}
 t - 6 potions of curing
 v - 2 potions of flight {unknown}
 w - a potion of haste {unknown}
 C - a potion of lignification {unknown}
 E - 2 potions of berserk rage {unknown}
 O - 2 potions of invisibility {unknown}
 Q - a potion of heal wounds
 R - 2 potions of degeneration {unknown}
 T - a potion of might {unknown}
Comestibles
 c - 41 rations


   Skills:
 + Level 11.6 Fighting
 * Level 15.4 Axes
 + Level 10.6 Armour
 + Level 9.8 Dodging
 + Level 9.6 Shields


You had 11 spell levels left.
You didn't know any spells.
Your spell library was empty.

Dungeon Overview and Level Annotations

Branches:
Dungeon (11/15)            Temple (0/1) D:6            Lair (4/6) D:10
  Snake (0/4) Lair:2
  Swamp: Lair:2-4    Shoals: Lair:2-4       Orc: D:9-12

Altars:
Ashenzari
Cheibriados
Dithmenos
Fedhas
Sif Muna
Wu Jian
Xom
Yredelemnul
Zin

Annotations:
Lair:2 exclusion: 4 oklob plants


Innate Abilities, Weirdness & Mutations

You reflexively headbutt those who attack you in melee.
You have a pair of horns on your head.


Message History

You slice the basilisk!!
You kill the basilisk!
Trog accepts your kill.
You slash the plant!
You hack one of the eight-headed hydra's heads off!
The seven-headed hydra grows two more!
You slash the nine-headed hydra! The nine-headed hydra bites you.
* * * LOW HITPOINT WARNING * * *
You block the nine-headed hydra's attack.
The nine-headed hydra bites you!
* * * LOW HITPOINT WARNING * * *
The nine-headed hydra barely misses you.
The nine-headed hydra bites you!
* * * LOW HITPOINT WARNING * * *
The nine-headed hydra bites you!
* * * LOW HITPOINT WARNING * * *
The nine-headed hydra completely misses you.
The nine-headed hydra closely misses you.
The nine-headed hydra bites you.
You die...

##....###.###.. #
#####....##........
##.##P#...............
#...................#
#.........P.......#
#................#
#....##......#
#..P#.##....#
#..@##......#
##D#†....>.## .
#...Y.#....# .#
##..†††Y...## ...
#P.....†#### ..##
...........†..#.$...
#............?..>.#
...............#...#
...............# ###


You could see a nine-headed hydra and 2 yaks.

Vanquished Creatures
  Rupert (Lair:3)
  A hydra (Lair:1)
  3 two-headed ogres
  A cyclops (D:9)
  2 black mambas
  6 elephants (Lair:4)
  2 centaur skeletons (D:10)
  4 spiny frogs
  A komodo dragon (Lair:2)
  3 rime drakes (Lair:3)
  A troll (D:8)
  A hornet (D:8)
  A hippogriff (Lair:3)
  A meliai zombie (D:10)
  A vampire (D:9)
  4 hogs (D:8)
  21 yaks
  2 wyverns
  5 basilisks
  A hungry ghost (D:8)
  A human (D:8)
  A steam dragon (D:9)
  A naga (Lair:2)
  Edmund (D:6)
  6 water moccasins
  7 porcupines
  An eye of draining (D:8)
  2 orc warriors (D:7)
  4 ice beasts
  A black bear (D:10)
  A sky beast (D:8)
  A necrophage (D:10)
  3 ogres (D:8)
  4 phantoms
  6 wolves
  4 centaurs
  10 crocodiles
  3 big kobolds
  16 bullfrogs
  3 scorpions
  6 killer bees (D:8)
  A water moccasin skeleton (D:7)
  10 wights
  3 howler monkeys (D:9)
  A bullfrog zombie (D:10)
  9 crimson imps
  2 hounds
  A centaur zombie (D:9)
  9 orc priests
  4 jellies
  A bullfrog skeleton (D:10)
  Terence (D:3)
  5 iguanas
  11 orc wizards
  5 worker ants
  A hound zombie (D:5)
  2 hound skeletons
  7 gnolls
  10 adders
  A shadow imp (D:7)
  An adder skeleton (D:9)
  An adder zombie (D:8)
  5 worms
  A dart slug (D:1)
  4 leopard geckos
  40 orcs
  2 bats (D:1)
  8 giant cockroaches
  4 goblins
  6 hobgoblins
  7 jackals
  5 quokkas
  5 frilled lizards
  21 kobolds
  6 rats
344 creatures vanquished.

Vanquished Creatures (others)
  A kobold (D:8)
  A fungus (D:10)
  4 plants (Lair:2)
6 creatures vanquished.

Grand Total: 350 creatures vanquished

Notes
Turn   | Place    | Note
-------+----------+-------------------------------------------
     0 | D:1      | Knicklaso the Minotaur Berserker began the quest for the
                  | Orb.
     0 | D:1      | Reached XP level 1. HP: 19/19 MP: 0/0
    75 | D:1      | Reached skill level 4 in Axes
   144 | D:1      | Reached XP level 2. HP: 13/27 MP: 1/1
  1116 | D:2      | You fall through a shaft for 2 floors!
  1144 | D:4      | Reached XP level 3. HP: 33/33 MP: 2/2
  1166 | D:4      | Reached skill level 5 in Axes
  1219 | D:4      | Noticed a bullfrog
  1234 | D:4      | Killed a bullfrog
  1234 | D:4      | Reached XP level 4. HP: 23/41 MP: 3/3
  1239 | D:4      | Reached skill level 5 in Fighting
  1239 | D:4      | Reached skill level 6 in Axes
  1239 | D:4      | Reached XP level 5. HP: 18/48 MP: 4/4
  1243 | D:4      | Reached ** piety under Trog
  1330 | D:4      | Noticed a centaur
  1338 | D:4      | Killed a centaur
  1338 | D:4      | Reached skill level 7 in Axes
  1338 | D:4      | Reached XP level 6. HP: 24/56 MP: 5/5
  1995 | D:4      | Found a blossoming altar of Fedhas.
  2176 | D:5      | Entered Level 5 of the Dungeon
  2216 | D:3      | Reached XP level 7. HP: 53/63 MP: 6/6
  2286 | D:3      | Found a faded altar of an unknown god.
  2297 | D:3      | Found a shattered altar of Ashenzari.
  2297 | D:3      | Found a deep blue altar of Sif Muna.
  2298 | D:3      | Found a snail-covered altar of Cheibriados.
  2300 | D:3      | Found a shadowy altar of Dithmenos.
  2337 | D:3      | Noticed Terence
  2342 | D:3      | Killed Terence
  2552 | D:3      | Reached skill level 8 in Axes
  2687 | D:3      | Reached *** piety under Trog
  2732 | D:3      | Found a shimmering altar of Xom.
  2767 | D:3      | Reached skill level 1 in Shields
  3886 | D:5      | Found a basalt altar of Yredelemnul.
  4192 | D:5      | Reached XP level 8. HP: 71/71 MP: 7/7
  4317 | D:5      | Reached skill level 9 in Axes
  4370 | D:6      | Noticed Edmund
  4380 | D:6      | Killed Edmund
  4468 | D:6      | Reached skill level 5 in Armour
  4487 | D:6      | Found a staircase to the Ecumenical Temple.
  5358 | D:7      | Reached skill level 10 in Axes
  5360 | D:7      | Reached **** piety under Trog
  5414 | D:7      | Reached skill level 5 in Dodging
  5414 | D:7      | Reached XP level 9. HP: 67/79 MP: 8/8
  5914 | D:8      | Reached skill level 11 in Axes
  5970 | D:8      | Reached ***** piety under Trog
  6004 | D:8      | Reached skill level 5 in Shields
  6137 | D:8      | Reached XP level 10. HP: 83/90 MP: 9/9
  6208 | D:8      | Found an ornate altar of the Wu Jian Council.
  6484 | D:8      | Noticed a two-headed ogre
  6494 | D:8      | Killed a two-headed ogre
  6494 | D:8      | Reached skill level 12 in Axes
  6808 | D:9      | Received a gift from Trog
  7049 | D:9      | Reached XP level 11. HP: 59/99 MP: 10/10
  7394 | D:9      | Reached skill level 13 in Axes
  7398 | D:9      | Noticed a two-headed ogre
  7409 | D:9      | Killed a two-headed ogre
  7768 | D:10     | Entered Level 10 of the Dungeon
  7825 | D:10     | Reached skill level 10 in Fighting
  8144 | D:10     | Found a glowing silver altar of Zin.
  8184 | D:10     | Found a staircase to the Lair.
  8700 | D:11     | Noticed a two-headed ogre
  8707 | D:11     | Killed a two-headed ogre
  8772 | Lair:1   | Entered Level 1 of the Lair of Beasts
  8782 | Lair:1   | Reached skill level 14 in Axes
  8806 | Lair:1   | Got a bloodstained scale mail
  8807 | Lair:1   | Identified the cursed +0 scale mail "Ocsuafur" {rF+ rC+
                  | Dex+4} (You found it on level 1 of the Lair of Beasts)
  9725 | Lair:2   | Reached XP level 12. HP: 108/108 MP: 11/11
  9753 | Lair:2   | Noticed a four-headed hydra
  9802 | Lair:1   | Killed a four-headed hydra
 10056 | Lair:2   | Found a staircase to the Snake Pit.
 10305 | Lair:2   | Received a gift from Trog
 10618 | Lair:3   | Noticed Rupert
 10626 | Lair:3   | Killed Rupert
 10626 | Lair:3   | Reached skill level 10 in Armour
 10634 | Lair:3   | Reached skill level 15 in Axes
 11454 | Lair:4   | Noticed an eight-headed hydra
 11464 | Lair:4   | HP: 1/110 [nine-headed hydra (10)]
 11464 | Lair:4   | Slain by a nine-headed hydra

Skill      XL: |  1  2  3  4  5  6  7  8  9 10 11 12 |
---------------+-------------------------------------+-----
Axes           | 4 5 6 7 8 10 11 12 14 15 | 15.4
Fighting       | 4 5 6 7 8 9 10 11 | 11.6
Armour         | 3 4 5 6 8 9 10 | 10.6
Dodging        | 3 5 6 7 8 9 |  9.8
Shields        | 2 4 5 6 8 9 |  9.6

Action                   |  1- 3 |  4- 6 |  7- 9 | 10-12 || total
-------------------------+-------+-------+-------+-------++-------
Melee: Hand axe          |    55 |    19 |       |       ||    74
       Headbutt          |     7 |    10 |    56 |   149 ||   222
       Whip              |       |    50 |   322 |   567 ||   939
       Broad axe         |       |       |       |   105 ||   105
Invok: Berserk           |     2 |     3 |     3 |     8 ||    16
       Trog's Hand       |       |       |       |     5 ||     5
  Use: Scroll            |       |       |     8 |     4 ||    12
       Potion            |       |       |       |     4 ||     4
  Eat: Chunk             |     3 |     6 |    12 |    24 ||    45
       Ration            |       |       |     1 |     1 ||     2
Armor: Animal skin       |     3 |     7 |       |       ||    10
       Scale mail        |       |     8 |    89 |   209 ||   306
Dodge: Dodged            |    30 |    37 |   135 |   321 ||   523
Block: Buckler           |       |       |    57 |   268 ||   325
       Reflection        |       |       |     2 |     6 ||     8
